AoeStats
← 白鹿城拉车车

Arena

507737296Analyzed
4v4 RM · 12d ago on Sep 19, 2026· 25m 8s· 8 players
Game mode
Random Map
Map size
Large (8 player)
Population
200
Speed
Normal
Resources
Standard
Victory
Conquest
Starting age
Dark Age
Ending age
Imperial Age
RankedLock teamsTeams togetherTeam positionsShared explorationLock speedFull tech treeHidden civsTurbo modeCheats
Victory
Defeat
🇨🇳 Cumans · China
1468
+12
🇨🇳 Bengalis · China
1408
+14
🇨🇳 Dravidians · China
1357
+17
1339
+18
🇫🇷 Tatars · France
1417
-17
🇧🇷 Chinese · Brazil
1389
-16
🇨🇳 Britons · China
1362
-15
🇪🇸 Lithuanians · Spain
1324
-13
Julio2
0:37 Loom
11:48 Feudal Age
15:46 Castle Age
14:32 Double-Bit Axe
14:28 Horse Collar
16:44 Bow Saw
16:34 Heavy Plow
17:31 Wheelbarrow
17:35 Gold Mining
21:32 Forging
23:30 Scale Mail Armor
24:48 Iron Casting
Hecktelion
9:58 Feudal Age
14:21 Castle Age
12:13 Double-Bit Axe
12:38 Horse Collar
25:00 Wheelbarrow
24:21 Loom
25:01 Heavy Plow
24:55 Gold Mining
Hillary Clinton
10:57 Feudal Age
16:15 Castle Age
22:08 Fletching
23:49 Hill Forts
23:51 Loom
白鹿城拉车车
10:24 Feudal Age
9:06 Loom
12:06 Double-Bit Axe
14:22 Castle Age
12:25 Horse Collar
14:54 Wheelbarrow
15:25 Bow Saw
16:09 Heavy Plow
22:33 Stone Mining
22:33 Gold Mining
24:09 Loom
24:42 Hand Cart
27:52 Imperial Age
我的游侠住你家
10:45 Feudal Age
10:01 Loom
15:09 Castle Age
13:59 Double-Bit Axe
14:06 Horse Collar
22:12 Gold Mining
24:23 Wheelbarrow
25:22 Stone Mining
liboruc112
10:30 Feudal Age
13:19 Loom
15:57 Castle Age
13:49 Double-Bit Axe
13:46 Horse Collar
14:53 Gold Mining
17:24 Loom
18:30 Heavy Plow
18:42 Bow Saw
21:46 Town Watch
22:18 Bloodlines
22:15 Scale Barding Armor
23:00 Sanctity
23:34 Husbandry
25:04 Fervor
24:28 Light Cavalry
riverzlc
8:50 Feudal Age
9:31 Horse Collar
14:02 Double-Bit Axe
15:54 Wheelbarrow
21:03 Castle Age
18:55 Gold Mining
19:57 Scale Barding Armor
20:03 Forging
20:14 Bloodlines
22:17 Chain Barding Armor
21:19 Light Cavalry
22:46 Heavy Plow
xylrtmy
10:49 Feudal Age
12:28 Double-Bit Axe
15:23 Castle Age
14:53 Horse Collar
16:48 Bow Saw
16:50 Heavy Plow
20:10 Loom
23:36 Wheelbarrow
28:05 Imperial Age
Connection lost

Rejoining the realm…

Still unreachable

The connection could not be restored.

Session expired

The server has moved on; the page needs a fresh start.